 Dungeon Crawl Stone Soup version 0.17-a0-1056-g838d5c0 (webtiles) character file.

48727 abixa the Severer (level 14, -1/135 HPs)
             Began as a Hill Orc Fire Elementalist on May 15, 2015.
             Was the Champion of Okawaru.
             Slain by a vault guard
             ... wielding a cursed -3 halberd
              (6 damage)
             ... on level 14 of the Dungeon on May 16, 2015.
             The game lasted 02:05:53 (30723 turns).

abixa the Severer (Hill Orc Fire Elementalist)     Turns: 30723, Time: 02:05:53

Health: -1/135     AC: 12    Str: 12    XL:     14   Next: 47%
Magic:  9/19       EV: 10    Int: 21    God:    Okawaru [******]
Gold:   1307       SH:  0    Dex: 11    Spells: 4 memorised, 10 levels left

rFire  . . .     SeeInvis .     a - +2 battleaxe (chop)
rCold  . . .     Clarity  .     j - +3 ring mail
rNeg   . . .     SustAb   .     (no shield)
rPois  .         Gourm    .     f - +2 hat
rElec  .         Spirit   .     H - +0 cloak of Lutakkuemi {Int+2 Slay+2}
rCorr  .         Warding  .     (no gloves)
rMut   .         Stasis   .     v - +0 pair of boots
MR     +....                    (no amulet)
Stlth  +.........               u - ring of wizardry
                                B - +4 ring of slaying

@: somewhat resistant to hostile enchantments, very unstealthy
A: no striking features
a: Heroism, Finesse, Renounce Religion


You were on level 14 of the Dungeon.
You worshipped Okawaru.
Okawaru was exalted by your worship.
You were not hungry.

You visited 4 branches of the dungeon, and saw 21 of its levels.
You also visited: Bailey.

You collected 1693 gold pieces.
You spent 386 gold pieces at shops.

Inventory:

Hand weapons
 a - a +2 battleaxe of chopping (weapon)
 b - the +1 glaive of the Lair of Beasts {drain, rElec Str+3}
   (Okawaru gifted it to you on level 10 of the Dungeon)

   A truly terrible weapon, it drains the life of those it strikes.
   It affects your strength (+3).
   It insulates you from electricity.
 t - the +6 morningstar "Gaggunn" {freeze, rPois}
   (You found it on level 7 of the Dungeon)

   It has been specially enchanted to freeze those struck by it, causing extra
   injury to most foes and up to half again as much damage against particularly
   susceptible opponents.
   It can also slow down cold-blooded creatures.
   It protects you from poison.
 N - a +0 blowgun
Missiles
 i - 20 javelins (quivered)
 n - 5 throwing nets
 M - 56 poisoned needles
Armour
 f - a +2 hat (worn)
 j - a +3 ring mail (worn)
 k - a +2 chain mail of cold resistance
 v - a +0 pair of boots (worn)
 H - the +0 cloak of Lutakkuemi (worn) {Int+2 Slay+2}
   (You found it on level 4 of the Dungeon)

   It affects your intelligence (+2).
   It affects your accuracy and damage with ranged weapons and melee attacks
   (+2).
Jewellery
 p - a +5 ring of dexterity
 u - a ring of wizardry (right hand)
 B - a +4 ring of slaying (left hand)
Magical devices
 d - a wand of polymorph (19)
 g - a wand of invisibility (2)
 l - a wand of digging (13)
 w - a wand of lightning (4)
 x - a wand of teleportation (5)
 C - a wand of slowing (28)
 E - a wand of slowing (36)
 F - a wand of digging (15)
Scrolls
 c - a scroll of enchant armour
 h - a scroll of magic mapping
 q - 4 scrolls of remove curse
 r - 4 scrolls of teleportation
 I - 2 scrolls of identify
 J - a scroll of fog
Potions
 e - 7 potions of magic
 o - a potion of flight
 z - 5 potions of heal wounds
 A - 17 potions of curing
 T - 3 potions of resistance
Books
 m - a book of Maledictions

   Spells                             Type                      Level
   a - Corona                         Hexes                        1
   b - Ensorcelled Hibernation        Hexes/Ice                    2
   c - Confuse                        Hexes                        3
   d - Tukima's Dance                 Hexes                        3
   e - Dazzling Spray                 Conjuration/Hexes            3
 y - a book of Control

   Spells                             Type                      Level
   a - Control Teleport               Charms/Translocation         4
   b - Control Undead                 Necromancy                   4
   c - Metabolic Englaciation         Hexes/Ice                    5
   d - Mass Confusion                 Hexes                        6
Comestibles
 s - 11 fruits
 D - 2 bread rations
 G - 2 chunks of flesh


   Skills:
 - Level 15.0 Fighting
 - Level 20.0 Axes
 - Level 1.5 Dodging
 - Level 1.5 Stealth
 + Level 3.8 Spellcasting
 * Level 8.6 Conjurations
 * Level 9.9 Fire Magic
 - Level 1.0 Invocations


You had 10 spell levels left.
You knew the following spells:

 Your Spells              Type           Power        Failure   Level  Hunger
a - Flame Tongue          Conj/Fire      #####        1%          1    None
b - Throw Flame           Conj/Fire      #####.       1%          2    #......
c - Conjure Flame         Conj/Fire      #####...     1%          3    ###....
d - Sticky Flame          Conj/Fire      #####...     3%          4    ####...


Dungeon Overview and Level Annotations

Branches:
Dungeon (14/15)            Temple (1/1) D:5            Lair (4/8) D:11
    Orc (2/4) D:11         Vaults (0/5) D:14
  Swamp: Lair:3-6    Shoals: Lair:3-6     Snake: Lair:3-6    Spider: Lair:3-6

Altars:
Ashenzari
Cheibriados
Dithmenos
Elyvilon
Fedhas
Gozag
Kikubaaqudgha
Makhleb
Nemelex Xobeh
Okawaru
Qazlal
Ru
Sif Muna
Trog
Vehumet
Xom
Yredelemnul
Zin
The Shining One
Beogh

Shops:
D:4 (   D:6 %   D:8 %=   D:11 [   D:12 (   D:14 ?   Orc:2 %*

Annotations:
D:3 !dig for scroll
Lair:4 Rupert


Message History

The bolt of lightning misses the centaur warrior.
The bolt of lightning hits the vault guard.
The vault guard is lightly wounded.
Evoking this partially-identified wand wasted a few charges.
You hear a shout!
You hear a screech!
The centaur warrior shoots an arrow.
The arrow closely misses you.
The centaur warrior shoots an arrow.
The arrow barely misses you.
The vault guard throws a stone.
The stone hits you.
* * * LOW HITPOINT WARNING * * *
The centaur warrior shoots an arrow.
The arrow hits you.
* * * LOW HITPOINT WARNING * * *
The arrow burns you.
* * * LOW HITPOINT WARNING * * *
Things that are here:
an arrow; a stone The centaur warrior unwields an uncursed shortbow of flaming.
It stops flaming.
The centaur warrior hits you!
* * * LOW HITPOINT WARNING * * *
The vault guard hits you from afar with an enchanted halberd.
You die...

######### ........#
........# . ........###
.. .....)....# ######...
#####)#...#######(.p...).
......#....(..(((.c>.....
......#......(...@.......
......#.......##########.
......#......)#
#.....'.......#
##....#.......#
##...#.......#
#...#........ ..### .


You could see a vault guard and a centaur warrior.

Vanquished Creatures
  A vault guard (D:13)
  Josephine (D:10)
  Harold (D:10)
  3 hydras
  Erica (Lair:1)
  Erolcha (D:8)
  2 tengu warriors
  The ghost of Fluffy the Cleaver, an experienced HOFi of Qazlal (Bailey)
  Nergalle (D:12)
  The ghost of RobertPalmer the Carver, an experienced NaCK of Xom (D:6)
  11 hill giants
  2 unseen horrors
  Pikel (D:9)
  3 ugly things
  A griffon (D:14)
  2 cyclopes
  A manticore (D:12)
  2 black mambas
  4 spiny frogs
  4 gargoyles
  2 fire drakes (Lair:2)
  A centaur skeleton (D:13)
  2 tengu conjurers (D:13)
  5 komodo dragons
  2 polar bears
  A raven (D:13)
  3 trolls
  2 two-headed ogres
  Grinder (D:3)
  A wolf spider simulacrum (D:12)
  A spriggan (Lair:3)
  9 blink frogs
  2 fire elementals (Lair:3)
  5 wraiths
  6 hippogriffs
  3 fire bats (Lair:3)
  3 water elementals (D:12)
  A deep elf mage (D:14)
  4 hungry ghosts
  A shadow (D:12)
  A wyvern (Lair:3)
  A steam dragon (D:8)
  35 yaks
  3 basilisks
  9 wolves
  A mottled dragon (D:12)
  A soldier ant (D:12)
  3 ice beasts
  5 water moccasins
  A wasp (D:11)
  A slave (D:9)
  A black bear (Lair:3)
  7 orc warriors
  2 sky beasts
  10 porcupines
  4 phantoms
  3 necrophages
  3 ogres
  14 centaurs
  5 crocodiles
  4 big kobolds
  A wyvern zombie (D:10)
  19 giant frogs
  A water moccasin zombie (D:7)
  6 scorpions
  19 killer bees
  7 electric eels (D:12)
  6 jellies
  A vampire bat (Orc:1)
  A giant frog zombie (D:12)
  2 centaur zombies
  7 crimson imps
  A lava snake (Lair:3)
  Crazy Yiuf (D:2)
  10 orc priests
  5 giant frog skeletons
  2 hell rats (Lair:2)
  8 hounds
  9 iguanas
  15 orc wizards
  3 spectral orcs (D:12)
  5 sheep
  6 worker ants
  3 hound skeletons
  15 gnolls
  Robin (D:4)
  17 adders
  2 worker ant zombies
  57 river rats
  4 shadow imps
  2 oozes
  An adder skeleton (D:9)
  4 worms
  5 giant geckos
  89 orcs
  A bat skeleton (D:7)
  4 bat zombies
  7 giant cockroaches
  32 hobgoblins
  11 jackals
  5 quokkas
  2 ball pythons
  23 bats
  6 giant newts
  29 goblins
  A jackal skeleton (D:7)
  33 kobolds
  20 rats
  3 fungi (Lair:2)
725 creatures vanquished.

Vanquished Creatures (others)
  A slave (D:9)
  A centaur zombie (D:9)
  An orc wizard (D:12)
  An orc (D:10)
  7 fungi
  A plant (Lair:2)
12 creatures vanquished.

Grand Total: 737 creatures vanquished

Notes
Turn   | Place    | Note
--------------------------------------------------------------
     0 | D:1      | abixa the Hill Orc Fire Elementalist began the quest for the Orb.
     0 | D:1      | Reached XP level 1. HP: 14/14 MP: 3/3
   365 | D:1      | Reached XP level 2. HP: 12/20 MP: 4/4
   760 | D:1      | Reached XP level 3. HP: 15/26 MP: 0/5
   764 | D:1      | Learned a level 2 spell: Throw Flame
  1591 | D:2      | You fall through a shaft for 2 floors!
  1592 | D:4      | Found Dyfiveh's Antique Weapon Emporium.
  1677 | D:3      | Reached XP level 4. HP: 31/33 MP: 2/6
  1692 | D:3      | Learned a level 3 spell: Conjure Flame
  1849 | D:3      | Noticed Grinder
  2384 | D:2      | Reached skill level 4 in Fire Magic
  2468 | D:2      | Noticed Crazy Yiuf
  2480 | D:2      | Killed Crazy Yiuf
  2480 | D:2      | Reached XP level 5. HP: 38/38 MP: 0/7
  2920 | D:3      | Killed Grinder
  2920 | D:3      | Reached skill level 5 in Conjurations
  2920 | D:3      | Reached skill level 5 in Fire Magic
  2920 | D:3      | Reached XP level 6. HP: 45/45 MP: 8/8
  3711 | D:3      | Reached XP level 7. HP: 22/50 MP: 4/9
  3929 | D:4      | Reached skill level 6 in Fire Magic
  4173 | D:4      | Noticed Robin
  4182 | D:4      | Killed Robin
  4762 | D:4      | Got a bloodstained cloak
  4800 | D:4      | Noticed a scorpion
  4815 | D:4      | Killed a scorpion
  5054 | D:4      | Found a shimmering altar of Xom.
  5187 | D:4      | Bought a runed battleaxe for 162 gold pieces
  5414 | D:5      | Entered Level 5 of the Dungeon
  5705 | D:5      | Reached skill level 7 in Fire Magic
  5716 | D:5      | Reached XP level 8. HP: 25/57 MP: 4/10
  5736 | D:5      | Found a staircase to the Ecumenical Temple.
  5750 | Temple   | Entered the Ecumenical Temple
  5790 | Temple   | Became a worshipper of Warmaster Okawaru
  6364 | D:5      | Learned a level 4 spell: Sticky Flame
  6554 | D:5      | Reached skill level 8 in Fire Magic
  7021 | D:5      | Reached skill level 1 in Axes
  7296 | D:6      | Found Miocw's Food Shoppe.
  7424 | D:6      | Noticed RobertPalmer's ghost (experienced NaCK)
  7538 | D:6      | Identified the cursed +0 cloak of Lutakkuemi {Int+2 Slay+2} (You found it on level 4 of the Dungeon)
  7932 | D:6      | Reached skill level 5 in Axes
  8017 | D:6      | Killed RobertPalmer's ghost
  8017 | D:6      | Acquired Okawaru's first power
  8017 | D:6      | Reached XP level 9. HP: 42/62 MP: 1/11
  8278 | D:5      | Reached skill level 1 in Fighting
  8405 | D:6      | Found a burning altar of Makhleb.
  8438 | D:6      | Found a glowing silver altar of Zin.
  8438 | D:6      | Noticed a cacodemon
  8438 | D:6      | Noticed an angel
  8732 | D:6      | Reached skill level 9 in Axes
  9566 | D:7      | Identified 2 scrolls of acquirement
  9575 | D:7      | Found a flagged portal.
  9638 | Bailey   | Entered a bailey
  9865 | Bailey   | Reached skill level 1 in Invocations
 10138 | Bailey   | Noticed Fluffy's ghost (experienced HOFi)
 10260 | Bailey   | Killed Fluffy's ghost
 10260 | Bailey   | Reached skill level 5 in Fighting
 10260 | Bailey   | Reached skill level 10 in Axes
 10800 | D:7      | Reached XP level 10. HP: 76/83 MP: 6/12
 11086 | D:7      | Reached skill level 11 in Axes
 11111 | D:7      | Found a white marble altar of Elyvilon.
 11118 | D:7      | Found a bloodstained altar of Trog.
 11187 | D:7      | Found a shimmering altar of Xom.
 11350 | D:7      | Found a stormy altar of Qazlal.
 11398 | D:7      | Got a translucent morningstar
 12425 | D:8      | Noticed Erolcha
 12779 | D:8      | Found Inaecaof's Jewellery Shoppe.
 12901 | D:8      | Killed Erolcha
 12901 | D:8      | Reached skill level 12 in Axes
 13631 | D:8      | Found a sacrificial altar of Ru.
 13751 | D:8      | Found Coneoboi's Food Shop.
 13889 | D:9      | Upgraded the game from 0.17-a0-1046-ga09e34d to 0.17-a0-1056-g838d5c0
 14082 | D:9      | Noticed Pikel
 14108 | D:9      | Killed Pikel
 14108 | D:9      | Reached skill level 13 in Axes
 14190 | D:9      | Reached XP level 11. HP: 97/97 MP: 13/13
 14354 | D:9      | Found an opulent altar of Gozag.
 14553 | D:10     | Entered Level 10 of the Dungeon
 14553 | D:10     | Noticed Josephine
 14846 | D:10     | Noticed a hill giant
 14859 | D:9      | Killed a hill giant
 14859 | D:9      | Reached skill level 10 in Fighting
 15124 | D:10     | Received a gift from Okawaru
 15291 | D:10     | Noticed a hill giant
 15560 | D:10     | Acquired Okawaru's second power
 15594 | D:10     | Killed a hill giant
 15975 | D:10     | Noticed a hill giant
 15982 | D:10     | Killed a hill giant
 15982 | D:10     | Reached skill level 14 in Axes
 16225 | D:10     | Noticed an unseen horror
 16226 | D:10     | Killed an unseen horror
 16561 | D:10     | Noticed Harold
 16583 | D:10     | Killed Harold
 16583 | D:10     | Received a gift from Okawaru
 16587 | D:10     | Got a faintly glowing glaive {god gift}
 16748 | D:10     | Identified the +1 glaive of the Lair of Beasts {drain, rElec Str+3} (Okawaru gifted it to you on level 10 of the Dungeon)
 16754 | D:10     | Identified the +6 morningstar "Gaggunn" {freeze, rPois} (You found it on level 7 of the Dungeon)
 16896 | D:10     | Killed Josephine
 17106 | D:10     | Reached skill level 15 in Axes
 17123 | D:10     | Noticed a two-headed hydra
 17148 | D:10     | Killed a two-headed hydra
 17246 | D:10     | Reached XP level 12. HP: 78/112 MP: 6/14
 17717 | D:11     | Paralysed by a wasp for 3 turns
 18037 | D:11     | Found a staircase to the Lair.
 18157 | D:11     | Found Qoar's Antique Armour Boutique.
 18434 | D:11     | Got a translucent long sword
 18462 | D:11     | Found a staircase to the Orcish Mines.
 18500 | Lair:1   | Entered Level 1 of the Lair of Beasts
 18537 | Lair:1   | Reached skill level 16 in Axes
 18551 | Lair:1   | Received a gift from Okawaru
 18713 | Lair:1   | Identified the +7 long sword of Earthquakes {drain, rPois Stlth+} (You found it on level 11 of the Dungeon)
 19577 | Lair:1   | Noticed Erica
 19925 | Lair:1   | Killed Erica
 20176 | Lair:1   | Reached skill level 17 in Axes
 21068 | Lair:2   | Noticed a four-headed hydra
 21099 | Lair:2   | Reached XP level 13. HP: 106/125 MP: 11/15
 21940 | Lair:2   | Reached skill level 15 in Fighting
 22980 | Lair:3   | Reached skill level 18 in Axes
 23167 | Lair:2   | Received a gift from Okawaru
 24626 | Lair:4   | Noticed Rupert
 24791 | Orc:1    | Entered Level 1 of the Orcish Mines
 24856 | Orc:1    | Reached skill level 19 in Axes
 24881 | Orc:1    | Found a roughly hewn altar of Beogh.
 25143 | Orc:2    | Found Wifod's Assorted Antiques.
 25152 | Orc:2    | Bought a scroll labeled MASTAH UQUUDOO for 30 gold pieces
 25152 | Orc:2    | Bought a scroll of identify for 60 gold pieces
 25152 | Orc:2    | Bought a scroll labeled ZOCAXT PECSO for 30 gold pieces
 25485 | Orc:2    | Found Sunew's Food Emporium.
 25841 | Orc:2    | Noticed an orc warlord
 27361 | D:12     | Found Wotout's Antique Weapon Shop.
 27464 | D:12     | Noticed Nergalle
 27503 | D:12     | Killed Nergalle
 28536 | D:12     | Reached skill level 20 in Axes
 28634 | D:13     | Reached XP level 14. HP: 115/135 MP: 11/18
 29677 | D:13     | Received a gift from Okawaru
 30077 | D:14     | Found a gate to the Vaults.
 30532 | D:14     | Found Suirgh's Magic Scroll Emporium.
 30548 | D:14     | Bought a scroll of identify for 26 gold pieces
 30548 | D:14     | Bought a scroll of identify for 26 gold pieces
 30548 | D:14     | Bought a scroll of identify for 26 gold pieces
 30548 | D:14     | Bought a scroll of fog for 26 gold pieces
 30723 | D:14     | HP: 5/135 [centaur warrior (8)]
 30723 | D:14     | Slain by a vault guard

Vault maps used:
D:1:      ncdulo_wetmaze, minmay_parallelograms, serial_park_tiny_2
D:2:      minmay_tree_intersection, serial_park_tiny_2, minmay_cupped,
          uniq_crazy_yiuf_cottage
D:3:      serial_glass, glass_columns_b, glass_columns_b, item_on_display_a,
          feat_on_display, due_unseen_surprise, uniq_grinder
D:4:      serial_shops, shop, first_bread, kennysheep_flooded_box,
          minmay_misc_feat_tiny, grunt_ministairs_9, uniq_robin
D:5:      minmay_opposing_rooms, minmay_temple_entry_junction2, feat_on_display
D:6:      grunt_temple_overflow_order_and_chaos_2, serial_shops, shop
D:7:      minitemple, enter_bailey_7
D:8:      nicolae_ru_great_annihilating_truth, serial_shops,
          nicolae_shop_behind_doors, kennysheep_mini_moat, uniq_erolcha
D:9:      grunt_gozag_statues, uniq_pikel
D:10:     hangedman_ranch, uniq_josephine, uniq_harold
D:11:     due_lair_maze_entry_diamond, orc_0_dummy, serial_shops,
          nicolae_shop_overgrown_old_shop
D:12:     minmay_tri_box, serial_shops, shop, uniq_nergalle
D:13:     serial_bayou_pond_c
D:14:     lightli_vaults_fourway_checkpoint, hangedman_decor_lopped,
          serial_shops, shop
Temple:   circular_temple_12
Lair:1:   forest_paths, uniq_erica
Lair:2:   kennysheep_rathole, beast_lair_carwin_9
Lair:3:   grunt_forest_stairs_clearing
Lair:4:   gammafunk_lair_enchanted_lake, nicolae_spider_entry_non_spiders,
          minivault_25, uniq_rupert
Orc:1:    basic_altar, roderic_batcave
Orc:2:    serial_shops, nicolae_shop_crystal, shop, nicolae_orc_bridge_out,
          minmay_orc_barracks
Bailey:   bailey_axe_2, bailey

Action                   |  1- 3 |  4- 6 |  7- 9 | 10-12 | 13-15 || total
-------------------------+-------+-------+-------+-------+-------++-------
Melee: Dagger            |    76 |    91 |   166 |    37 |       ||   370
       Unarmed           |     3 |    10 |       |       |       ||    13
       Quarterstaff      |       |       |    50 |       |       ||    50
       Trident           |       |       |    14 |       |       ||    14
       Battleaxe         |       |       |    82 |   436 |   612 ||  1130
       Halberd           |       |       |       |     9 |       ||     9
       Glaive            |       |       |       |    40 |    43 ||    83
       Morningstar       |       |       |       |       |     1 ||     1
 Fire: Blowgun           |       |       |    13 |    27 |    12 ||    52
Throw: Stone             |       |     3 |     7 |       |       ||    10
       Tomahawk          |       |       |       |     4 |       ||     4
 Cast: Flame Tongue      |    24 |    28 |   175 |   118 |    84 ||   429
       Conjure Flame     |       |     5 |    20 |    33 |    24 ||    82
       Throw Flame       |       |       |       |    15 |    21 ||    36
       Sticky Flame      |       |       |       |    25 |    40 ||    65
Invok: Heroism           |       |       |       |     2 |       ||     2
Evoke: Wand              |       |       |       |       |     1 ||     1
  Use: Potion            |       |       |     2 |       |     1 ||     3
       Scroll            |       |       |     8 |     2 |     7 ||    17
 Stab: Sleeping          |     1 |       |     1 |     4 |       ||     6
       Invisible         |       |       |       |     1 |       ||     1
       Distracted        |       |       |       |     1 |       ||     1
  Eat: Chunk             |     2 |     9 |    26 |    41 |    40 ||   118
       Fruit             |       |       |     3 |     4 |     7 ||    14
